 Dungeon Crawl Stone Soup version 0.31.0-11-ge490571c62 (webtiles) character file.

Game seed: 1507856576101087631

1306 Gadfly the Ducker (level 8, -3/60 HPs)
             Began as a Demonspawn Shapeshifter on Jan 27, 2024.
             Slain by an unseen horror (11 damage)
             ... on level 5 of the Dungeon.
             The game lasted 00:07:20 (4996 turns).

Gadfly the Ducker (Demonspawn Shapeshifter)         Turns: 4996, Time: 00:07:20

Health: -3/60      AC:  3    Str: 15    XL:     8   Next: 32%
Magic:  0/8        EV: 13    Int: 16    God:
Gold:   261        SH:  0    Dex: 11    Spells: 7/7 levels left

rFire   . .          .
                       - Unarmed
rCold   . . .        (no shield)
rNeg    . . .        a - +1 animal skin
rPois   .            b - melded +0 helmet
rElec   .            m - melded +0 cloak
rCorr   .            i - melded +0 pair of gloves
SInv    .            (boots currently unavailable)
Will    .....        (no amulet)
Stlth   +            (no ring)
HPRegen 1.10/turn    (no ring)
MPRegen 0.11/turn

%: no passive effects
@: beast-form
A: beast (slay +2), spiny 1, demonic touch 2, clever 1, regeneration 1,
MP-powered wands
a: Begin Untransformation


You were on level 5 of the Dungeon.
You were a hulking beast.
You visited 1 branch of the dungeon, and saw 5 of its levels.

You collected 261 gold pieces.

Inventory:

Armour
 a - a +1 animal skin (worn)
 b - a +0 helmet (melded)
 i - a +0 pair of gloves (melded)
 m - a +0 cloak (melded)
Talismans
 c - a beast talisman (active)
 d - a flux talisman
Wands
 r - a wand of flame (17)
Scrolls
 f - 3 scrolls of teleportation
Potions
 e - a potion of curing
 h - 2 potions of mutation
 j - a potion of enlightenment
 k - 4 potions of might
 l - a potion of attraction


   Skills:
 + Level 3.7 Fighting
 * Level 5.2 Dodging
 + Level 4.4 Unarmed Combat
 * Level 5.1 Evocations
 + Level 4.1 Shapeshifting


You had 7 spell levels left.
You didn't know any spells.
Your spell library contained the following spells:

 Spells                   Type           Power      Damage    Failure   Level
 Lesser Beckoning         Tloc           0%         N/A       36%         2
 Mercury Vapours          Alch/Air       0%         N/A       36%         2
 Gell's Gravitas          Tloc           0%         N/A       58%         3
 Hailstorm                Conj/Ice       0%         3d5       58%         3
 Mephitic Cloud           Conj/Alch/Air  0%         N/A       58%         3
 Summon Ice Beast         Ice/Summ       0%         N/A       58%         3
 Teleport Other           Tloc           0%         N/A       58%         3
 Freezing Cloud           Conj/Ice/Air   0%         6-21      100%        5
 Sculpt Simulacrum        Ice/Alch       0%         N/A       100%        6


Dungeon Overview and Level Annotations

Branches:
Dungeon (5/15)
 Temple: D:4-7

Altars:
Qazlal
Sif Muna

Annotations:
D:4 1 runed translucent door, MollyMolluskus's ghost, novice OpFi


Innate Abilities, Weirdness & Mutations

You are a hulking beast.
Your limbs bulge with bestial killing power. (Slay +2)
You are partially covered in sharp spines.
Your touch may inflict irresistible damage on your foes.
Your mind is acute. (Int +4, Str/Dex -1)
Your natural rate of healing is unusually fast.
You expend magic power (3 MP) to strengthen your wands.


Message History

You hit the gnoll bouda.
You touch the gnoll bouda!
You kill the gnoll bouda!
Something hits you but does no damage. Something hits you.
You hit the hound.
The hound is lightly wounded.
Something hits you! The hound is struck by your spines. The hound bites you.
The hound is struck by your spines. The hound bites you.
Something hits you but does no damage. The hound bites you.
Items here: $ ) [ ††††.
The hound pauses to sniff the ground.
The hound attacks as it pursues you! The hound bites you.
The hound is struck by your spines. The hound closely misses you.
You hit the hound.
You kill the hound!
Something hits you!
* * * LOW HITPOINT WARNING * * *
You hit something. Your touch misses something.
Your attacks no longer feel as feeble.
Something hits you but does no damage. Something hits you.
* * * LOW HITPOINT WARNING * * *
Items here: $ ) [ ††††.
Aiming: Throw Flame
Press: ? - help, Shift-Dir - straight line You feel a surge of power!
Something hits you.
* * * LOW HITPOINT WARNING * * *
Unknown command.
Aiming: Throw Flame
Press: ? - help, Shift-Dir - straight line You feel a slight surge of power.
Something hits you.
* * * LOW HITPOINT WARNING * * *
Unknown command.
Okay, then.
Something hits you.
* * * LOW HITPOINT WARNING * * *
Okay, then.
Aiming: Throw Flame
Press: ? - help, Shift-Dir - straight line The puff of flame hits something!
Something hits you!
You die...

..................#.~..~..~..≈[##
..................#..~..~~..~..##
.................#)..########...#
................##..##.8 ##lS#
.#..............#..##.. ##~.
...............##.##.. ##.
...........#...#..#.. #.
...###..#......#.##.# #o
...............#h#..# #..#
###.####...#...#{#$)# #..#
#..###.......#..#.# #.##
##..........##^.#..# ..#)
#..........###.##..# ..##.
#..........# #.~ #... $.##o.
#####.....#####.. #.8. #..#
##....# #.#... #### #S..#
###.)###.##..≈ .~§.##


There were no monsters in sight!

Vanquished Creatures
  Menkaure (D:4)
  Duvessa (D:4)
  An ogre (D:5)
  Blork the orc (D:4)
  2 scorpions
  Dowan (D:4)
  2 bombardier beetles
  3 orc priests (D:5)
  5 hounds (D:5)
  A jelly (D:5)
  2 gnoll boudas (D:5)
  5 iguanas
  An orc wizard (D:5)
  Robin (D:4)
  10 adders
  4 dart slugs
  2 ribbon worms
  7 orcs (D:5)
  10 endoplasms
  A giant cockroach (D:1)
  20 goblins
  15 hobgoblins
  9 kobolds
  3 quokkas
  6 ball pythons
  8 bats
  4 frilled lizards
  5 rats
131 creatures vanquished.

Notes
Turn   | Place    | Note
-------+----------+-------------------------------------------
     0 | D:1      | Gadfly the Demonspawn Shapeshifter began the quest for the
                  | Orb.
     0 | D:1      | Reached XP level 1. HP: 15/15 MP: 1/1
   124 | D:1      | Gained mutation: You are partially covered in sharp spines.
                  | [demonic ancestry]
   124 | D:1      | Reached XP level 2. HP: 18/21 MP: 2/2
   302 | D:1      | Reached skill level 1 in Evocations
   530 | D:1      | Reached XP level 3. HP: 26/26 MP: 3/3
  1184 | D:2      | Found a faded altar of an unknown god.
  1490 | D:2      | Gained mutation: Your touch may inflict minor irresistible
                  | damage on your foes. [demonic ancestry]
  1490 | D:2      | Reached XP level 4. HP: 30/33 MP: 4/4
  2115 | D:2      | Gained mutation: You are dopey. (Int -2) [potion of
                  | mutation]
  2115 | D:2      | Gained mutation: You have large cloven feet. [potion of
                  | mutation]
  2359 | D:3      | Found a shimmering blue altar of Sif Muna.
  2543 | D:3      | Found a stormy altar of Qazlal.
  2547 | D:3      | Reached XP level 5. HP: 18/38 MP: 5/5
  3033 | D:4      | Found a runed translucent door.
  3033 | D:4      | Noticed MollyMolluskus's ghost (novice OpFi)
  3459 | D:4      | Reached XP level 6. HP: 44/44 MP: 6/6
  3492 | D:4      | Noticed Dowan
  3493 | D:4      | Noticed Duvessa
  3514 | D:4      | Killed Dowan
  3527 | D:4      | Killed Duvessa
  3665 | D:4      | Noticed Robin
  3680 | D:4      | Killed Robin
  3906 | D:4      | Noticed Blork the orc
  3914 | D:4      | Killed Blork the orc
  4034 | D:4      | Noticed Menkaure
  4039 | D:4      | HP: 2/46 [Menkaure (19)]
  4041 | D:4      | Reached XP level 7. HP: 13/51 MP: 7/7
  4046 | D:4      | Killed Menkaure
  4388 | D:4      | Lost mutation: You have large cloven feet. [potion of
                  | mutation]
  4388 | D:4      | Lost mutation: You are dopey. (Int -2) [potion of mutation]
  4388 | D:4      | Gained mutation: You expend magic power (3 MP) to
                  | strengthen your wands. [potion of mutation]
  4388 | D:4      | Gained mutation: Your mind is acute. (Int +4, Str/Dex -1)
                  | [potion of mutation]
  4388 | D:4      | Gained mutation: Your natural rate of healing is unusually
                  | fast. [potion of mutation]
  4408 | D:5      | Entered Level 5 of the Dungeon
  4841 | D:5      | Gained mutation: Your touch may inflict irresistible damage
                  | on your foes. [demonic ancestry]
  4841 | D:5      | Reached XP level 8. HP: 58/58 MP: 8/8
  4974 | D:5      | Reached skill level 5 in Dodging
  4976 | D:5      | Reached skill level 5 in Evocations
  4996 | D:5      | Slain by an unseen horror

Illustrated notes

Levels and vault maps discovered:
D:1:      minmay_arrival_stone_box, layout_basic
D:2:      layout_loops_corners, shapermc_ecumenical_altar_totnotflames,
          minmay_quadrilaterals
D:3:      layout_loops_ring, lemuel_crystal_altar,
          nicolae_qazlal_eye_of_the_storm
D:4:      layout_basic, gammafunk_ghost_grave, minmay_misc_feat_tower,
          uniq_robin, uniq_duvessa, uniq_blork_the_orc, uniq_menkaure
D:5:      layout_rooms, nemelex_diamond_rough_becter, roderic_roman_lattice,
          nzn_random_ring

Skill      XL: |  1  2  3  4  5  6  7  8 |
---------------+-------------------------+-----
Dodging        | 2 3 4 5 |  5.2
Evocations     | 1 2 3 4 5 |  5.1
Unarmed Combat | 3 4 |  4.4
Shapeshifting  | 3 4 |  4.1
Fighting       | 2 3 |  3.7

Action                     |  1- 3 |  4- 6 |  7- 9 || total
---------------------------+-------+-------+-------++-------
  Melee: Unarmed           |    93 |    99 |    86 ||   278
         Punch             |     2 |     1 |       ||     3
         Touch             |       |    20 |    26 ||    46
         Kick              |       |    21 |     1 ||    22
Ability: Begin Untransform |     1 |     2 |       ||     3
  Evoke: Wand              |       |       |     3 ||     3
    Use: Scroll            |     7 |     7 |     2 ||    16
         Potion            |       |     8 |     3 ||    11
   Stab: Sleeping          |     1 |     3 |       ||     4
 Armour: Animal skin       |    36 |    45 |    58 ||   139
         Skin              |       |    11 |       ||    11
  Dodge: Dodged            |    37 |    51 |    40 ||   128
   Form: Beast             |     1 |     2 |       ||     3
